 Dungeon Crawl Stone Soup version 0.20.1-1-g8b1a95d (webtiles) character file.

890 OneorTwo the Basher (level 7, -6/64 HPs)
             Began as a Minotaur Fighter on Aug 10, 2017.
             Was an Initiate of Okawaru.
             Mangled by a hornet (9 damage)
             ... on level 5 of the Dungeon.
             The game lasted 00:09:02 (3862 turns).

OneorTwo the Basher (Minotaur Fighter)              Turns: 3862, Time: 00:09:03

Health: -6/64      AC: 14    Str: 27    XL:     7   Next: 77%
Magic:  6/6        EV: 10    Int:  5    God:    Okawaru [......]
Gold:   156        SH:  0    Dex: 10    Spells: 6/6 levels left

rFire    . . .     SeeInvis .   t - +2 dire flail (protect)
rCold    . . .     Gourm    .   (shield currently unavailable)
rNeg     . . .     Faith    .   b - +0 scale mail
rPois    .         Spirit   .   (helmet restricted)
rElec    .         Reflect  .   l - scarf {repulsion}
rCorr    .         Harm     .   (no gloves)
MR       .....                  (no boots)
Stlth    ..........             (no amulet)
Regen    0.2/turn               (no ring)
MPRegen  0.1/turn               (no ring)

@: mighty, protection aura, slowed, repel missiles, very slow
A: retaliatory headbutt, horns 2
a: Renounce Religion


You were on level 5 of the Dungeon.
You worshipped Okawaru.
Okawaru was noncommittal.
You were hungry.

You visited 1 branch of the dungeon, and saw 5 of its levels.

You collected 156 gold pieces.

Inventory:

Hand Weapons
 a - a +0 flail
 t - a +2 dire flail of protection (weapon)
Missiles
 i - 4 tomahawks (quivered)
Armour
 b - a +0 scale mail (worn)
 c - a +0 shield
 l - a scarf of repulsion (worn)
Wands
 y - a wand of lightning (7/15)
Scrolls
 e - 3 scrolls of recharging
 k - 5 scrolls of identify
 o - 2 scrolls of magic mapping
Potions
 g - a potion of flight {unknown}
 h - 6 potions of curing
 j - a potion of lignification {unknown}
 p - a potion of invisibility {unknown}
 r - a potion of haste {unknown}
 s - 2 potions of ambrosia {unknown}
 u - a potion of mutation {unknown}
 v - a potion of berserk rage {unknown}
Books
 w - a book of Misfortune

   Spells                             Type                      Level
   a - Confusing Touch                Hexes                        1
   b - Confuse                        Hexes                        3
   c - Gell's Gravitas                Translocation                3
   d - Petrify                        Transmutation/Earth          4
   e - Metabolic Englaciation         Hexes/Ice                    5
   f - Yara's Violent Unravelling     Hexes/Transmutation          5
Comestibles
 f - 4 bread rations
 m - 5 meat rations
 n - 6 fruits
 q - 2 royal jellies


   Skills:
 + Level 6.6 Fighting
 * Level 8.3 Maces & Flails
 + Level 5.1 Armour
 - Level 4.2 Shields


You had 6 spell levels left.
You didn't know any spells.

Dungeon Overview and Level Annotations

Branches:
Dungeon (5/15)             Temple (0/1) D:5

Altars:
Cheibriados
Gozag
Hepliaklqana
Kikubaaqudgha
Okawaru
Ru


Innate Abilities, Weirdness & Mutations

You reflexively headbutt those who attack you in melee.
You have a pair of horns on your head.


Message History

You feel as though you will be slow longer.
You feel better. The hornet stings you.
* * * LOW HITPOINT WARNING * * *
You feel as though you will be slow longer.
The hornet stings you but does no damage.
Okay, then.
Okay, then.
You feel very mighty all of a sudden. The hornet stings you.
* * * LOW HITPOINT WARNING * * *
You feel as though you will be slow longer.
The hornet barely misses you. The hornet stings you!
* * * LOW HITPOINT WARNING * * *
You feel as though you will be slow longer.
You bludgeon the hornet!!
Your weapon exudes an aura of protection.
The hornet is almost dead.
The hornet stings you but does no damage.
The hornet stings you!
You die...

#.#.####..##..............
##.## ##.###..............
#.# #..# #..............
#.####.## #.............
#.......# ##............#
#######.###...##..####..#
##......##...##..##
#..###.##.......# #@##
#.)#.......##
#y####....#####..#
#l.......## ##..
#.......#.## #..#
#........#..# #...
##.#....###.####....
#......###........#
#.....###..######.#
......###.## #.#


You could see a hornet and a frilled lizard.

Vanquished Creatures
  Menkaure (D:4)
  Edmund (D:4)
  An ogre (D:5)
  A centaur (D:5)
  3 crimson imps (D:5)
  A hound (D:3)
  A centaur skeleton (D:5)
  2 orc wizards (D:3)
  A worker ant (D:4)
  A hound skeleton (D:4)
  11 adders
  3 oozes (D:1)
  A worm (D:2)
  4 dart slugs
  5 leopard geckos
  12 orcs
  4 giant cockroaches
  9 goblins
  9 hobgoblins
  8 jackals
  3 quokkas
  2 ball pythons
  5 bats
  3 frilled lizards
  11 kobolds
  A quokka skeleton (D:4)
  9 rats
113 creatures vanquished.

Vanquished Creatures (others)
  A human (D:4)
1 creature vanquished.

Grand Total: 114 creatures vanquished

Notes
Turn   | Place    | Note
-------+----------+-------------------------------------------
     0 | D:1      | OneorTwo the Minotaur Fighter began the quest for the Orb.
     0 | D:1      | Reached XP level 1. HP: 19/19 MP: 0/0
    45 | D:1      | Reached skill level 3 in Maces & Flails
    45 | D:1      | Reached XP level 2. HP: 20/27 MP: 1/1
   399 | D:1      | Reached XP level 3. HP: 32/33 MP: 2/2
   505 | D:1      | Reached skill level 4 in Maces & Flails
   712 | D:1      | Found a snail-covered altar of Cheibriados.
  1043 | D:2      | Reached XP level 4. HP: 41/41 MP: 3/3
  1131 | D:2      | Found an opulent altar of Gozag.
  1244 | D:2      | Found a hazy altar of Hepliaklqana.
  1259 | D:2      | Reached skill level 5 in Fighting
  1260 | D:2      | Reached skill level 5 in Maces & Flails
  1449 | D:2      | Reached XP level 5. HP: 44/48 MP: 4/4
  1846 | D:3      | Reached skill level 6 in Maces & Flails
  2065 | D:3      | Found a sacrificial altar of Ru.
  2154 | D:3      | Reached XP level 6. HP: 52/56 MP: 5/5
  2659 | D:4      | Noticed Edmund
  2670 | D:4      | Killed Edmund
  2670 | D:4      | Reached skill level 7 in Maces & Flails
  2845 | D:4      | Noticed Menkaure
  2853 | D:4      | Killed Menkaure
  2853 | D:4      | Reached XP level 7. HP: 45/63 MP: 6/6
  3188 | D:4      | Found an ancient bone altar of Kikubaaqudgha.
  3285 | D:4      | Noticed a human
  3287 | D:4      | Killed a human
  3354 | D:5      | Entered Level 5 of the Dungeon
  3354 | D:5      | Found an iron altar of Okawaru.
  3364 | D:5      | Became a worshipper of Warmaster Okawaru
  3368 | D:5      | Found a staircase to the Ecumenical Temple.
  3624 | D:5      | Reached skill level 8 in Maces & Flails
  3654 | D:5      | Reached skill level 5 in Armour
  3853 | D:5      | Noticed a hornet
  3861 | D:5      | HP: 3/64 [hornet (10)]
  3862 | D:5      | Mangled by a hornet

Skill      XL: |  1  2  3  4  5  6  7 |
---------------+----------------------+-----
Maces & Flails | 3 4 5 6 7 8 |  8.3
Fighting       | 4 5 6 |  6.6
Armour         | 4 5 |  5.1
Shields        | 4 |  4.2

Action                   |  1- 3 |  4- 6 |  7- 9 || total
-------------------------+-------+-------+-------++-------
Melee: Flail             |    78 |   161 |       ||   239
       Headbutt          |     7 |    33 |     5 ||    45
       Dire flail        |       |     5 |    27 ||    32
  Use: Scroll            |       |     6 |     1 ||     7
       Potion            |       |       |     2 ||     2
  Eat: Chunk             |       |     6 |     3 ||     9
Armor: Scale mail        |    35 |    64 |    14 ||   113
Dodge: Dodged            |    21 |    42 |    11 ||    74
       Deflected         |     1 |     2 |       ||     3
Block: Shield            |    40 |    57 |       ||    97
